 Dungeon Crawl Stone Soup version 0.28-a0-1235-g7c8fac35f0 (webtiles) character file.

Game seed: 16290812573920318542

31 Tauromancer the Charlatan (level 3, 0/30 HPs)
             Began as a Deep Dwarf Artificer on Dec 24, 2021.
             Slain by an adder (3 damage)
             ... on level 2 of the Dungeon.
             The game lasted 00:04:18 (985 turns).

Tauromancer the Charlatan (Deep Dwarf Artificer)     Turns: 985, Time: 00:04:18

Health: 0/30       AC:  3    Str: 15    XL:     3   Next: 7%
Magic:  3/3        EV: 11    Int: 13    God:
Gold:   28         SH:  0    Dex: 13    Spells: 2/2 levels left

rFire   . . .      SeeInvis .   a - +0 club
rCold   . . .      Faith    .   (no shield)
rNeg    . . .      Spirit   .   b - +0 leather armour
rPois   .          Reflect  .   (no helmet)
rElec   .          Harm     .   f - scarf {+Inv}
rCorr   .          Rampage  .   (no gloves)
Will    .....                   (no boots)
Stlth   +.........              (no amulet)
HPRegen 0.00/turn               (no ring)
MPRegen 0.08/turn               (no ring)

@: no status effects
A: damage resistance, heal wounds, sense surroundings 1, no regeneration
a: Heal Wounds, Evoke Invisibility


You were on level 2 of the Dungeon.
You visited 1 branch of the dungeon, and saw 2 of its levels.

You collected 28 gold pieces.

Inventory:

Hand Weapons
 a - a +0 club (weapon)
Armour
 b - a +0 leather armour (worn)
 f - a scarf of invisibility (worn)
Wands
 d - a wand of charming (15)
Scrolls
 g - a scroll of magic mapping {unknown}
 i - a scroll of vulnerability {unknown}
Potions
 h - a potion of lignification {unknown}
 j - a potion of curing {unknown}
Miscellaneous
 e - a piece from Xom's chessboard (15/15)


   Skills:
 + Level 0.9 Fighting
 + Level 0.2 Maces & Flails
 + Level 2.6 Armour
 + Level 1.3 Dodging
 + Level 1.2 Stealth
 + Level 5.2 Evocations


You had 2 spell levels left.
You didn't know any spells.
Your spell library was empty.

Dungeon Overview and Level Annotations

Branches:
Dungeon (2/15)

Altars:

Shops:
D:1 [


Innate Abilities, Weirdness & Mutations

You are resistant to damage.
You can heal yourself by infusing magical energy.
You passively map a small area around you.
You do not regenerate.


Message History

You barely miss the adder. The adder bites you. The adder closely misses you.
You closely miss the adder. The adder bites you but does no damage.
You barely miss the adder. The adder misses you. The adder closely misses you.
You closely miss the adder. The adder bites you. The adder barely misses you.
You miss the adder. The adder bites you.
* * * LOW HITPOINT WARNING * * *
You barely miss the adder. The adder bites you.
* * * LOW HITPOINT WARNING * * *
You are poisoned.
The adder poisons you! The adder closely misses you.
You barely miss the adder. The adder bites you. The adder misses you.
You closely miss the adder. The adder closely misses you.
You miss the adder.
You are no longer poisoned.
The adder bites you but does no damage. x2
You barely miss the adder. The adder bites you.
The adder bites you but does no damage.
You barely miss the adder. The adder closely misses you. The adder bites you.
You are poisoned.
The adder poisons you!
You hit the adder.
The adder is lightly wounded.
The adder barely misses you.
You hit the adder but do no damage.
The adder is lightly wounded.
The adder bites you but does no damage. The adder bites you.
* * * LOW HITPOINT WARNING * * *
You closely miss the adder.
The adder is lightly wounded.
You are no longer poisoned.
The adder barely misses you. The adder bites you.
You hit the adder.
The adder is heavily wounded.
The adder barely misses you.
You hit the adder but do no damage.
The adder is heavily wounded.
The adder bites you.
* * * LOW HITPOINT WARNING * * *
The adder bites you.
You die...

#.............
#............. .# *
*#............, .##
#........... .(.##
*###<##..#####..... ,
#...##..#.......#.
#.####....#....... , *
##.# #...##....... , #..#
#...@Sr...... *
#######.#####...##.......
, ................#
....... #############...#
.....## #...# ....##
#...# ....# * #...# #....
#...# *.....* ##### ,


You could see an adder and a quokka.

Vanquished Creatures
  An adder (D:2)
  2 bats (D:1)
  2 endoplasms (D:1)
  2 giant cockroaches (D:1)
  A hobgoblin (D:1)
  A kobold (D:1)
  A quokka (D:1)
  3 ball pythons (D:1)
  7 frilled lizards (D:1)
  3 rats (D:1)
23 creatures vanquished.

Vanquished Creatures (others)
  9 plants (D:1)
9 creatures vanquished.

Grand Total: 32 creatures vanquished

Notes
Turn   | Place    | Note
-------+----------+-------------------------------------------
     0 | D:1      | Tauromancer the Deep Dwarf Artificer began the quest for
                  | the Orb.
     0 | D:1      | Reached XP level 1. HP: 16/16 MP: 1/1
    27 | D:1      | Found Ykhoab's Antique Armour Shop.
   160 | D:1      | Found a faded altar of an unknown god.
   436 | D:1      | Reached XP level 2. HP: 22/24 MP: 2/2
   633 | D:1      | Reached skill level 5 in Evocations
   953 | D:2      | Reached XP level 3. HP: 18/30 MP: 3/3
   985 | D:2      | Slain by an adder

Illustrated notes

Levels and vault maps discovered:
D:1:      wander_arrival_fairy_ring, layout_basic, serial_shops, shop,
          ebering_ecumenical_altar_rust, minmay_lizard_king
D:2:      minmay_wonky_spiral, layout_rooms, palyth_stone_intersect,
          hangedman_decor_clover_reticule, serial_bayou_pond_d,
          supply_closet_lemuel

Skill      XL: |  1  2 |
---------------+-------+-----
Evocations     | 5 |  5.2
Fighting       | |  0.9
Maces & Flails | |  0.2
Armour         | |  2.6
Dodging        | |  1.3
Stealth        | |  1.2

Action                   || total
-------------------------++-------
Melee: Club              ||    75
Evoke: Wand              ||    15
 Stab: Sleeping          ||     1
Armor: Leather armour    ||    24
Dodge: Dodged            ||    55

Table legend: (Time is in decaauts)
 A = Elapsed time spent in this place.
 B = Non-inter-level travel time spent in this place.
 C = Inter-level travel time spent in this place.
 D = Time resting spent in this place.
 E = Time spent auto-exploring this place.
 F = Levels seen in this place.
 G = Mean time per level.
                   A        B        C        D        E       F      G
               +--------+--------+--------+--------+--------+-----+--------+
         Total |   1006 |    945 |     61 |      0 |    753 |   2 |  503.0 |
       Dungeon |   1006 |    945 |     61 |      0 |    753 |   2 |  503.0 |
               +--------+--------+--------+--------+--------+-----+--------+

Top non-repeatable levels by time:
     D:1: 951 daAuts
     D:2: 54 daAuts
